 Dungeon Crawl Stone Soup version 0.30-a0-867-g305f33218d (webtiles) character file.

Game seed: 2133017227949076119

42 Jeffwins the Poker (level 3, -3/27 HPs)
             Began as a Human Wanderer on Mar 10, 2023.
             Slain by a sleepcap (5 damage)
             ... on level 2 of the Dungeon.
             The game lasted 00:02:06 (923 turns).

Jeffwins the Poker (Human Wanderer)                  Turns: 923, Time: 00:02:07

Health: -3/27      AC:  4    Str: 10    XL:     3   Next: 77%
Magic:  4/4        EV: 11    Int: 14    God:
Gold:   109        SH:  0    Dex: 14    Spells: 0/4 levels left

rFire   . . .      SeeInvis .    a - +0 trident
rCold   . . .      Faith    .    (no shield)
rNeg    . . .      Spirit   .    d - +0 leather armour
rPois   +          Reflect  .    (no helmet)
rElec   .          Rampage  .    (no cloak)
rCorr   +                        (no gloves)
Will    .....                    b - +0 pair of boots
Stlth   ++                       (no amulet)
HPRegen 0.24/turn                P - ring of poison resistance
MPRegen 0.09/turn                R - ring of resist corrosion

@: no status effects
A: no striking features
a: no special abilities


You were on level 2 of the Dungeon.
You visited 1 branch of the dungeon, and saw 2 of its levels.

You collected 109 gold pieces.


   Skills:
 - Level 2.0 Fighting
 * Level 2.7 Polearms
 - Level 1.0 Armour
 - Level 2.0 Dodging
 * Level 1.7 Stealth
 + Level 1.3 Spellcasting
 * Level 1.1 Summonings
 - Level 2.0 Translocations


You couldn't memorise any spells.
You knew the following spells:

 Your Spells              Type           Power      Damage    Failure   Level
a - Apportation           Tloc           12%        N/A       16%         1
f - Call Canine Familiar  Summ           4%         N/A       54%         3

Your spell library contained the following spells:

 Spells                   Type           Power      Damage    Failure   Level
 Summon Small Mammal      Summ           16%        N/A       22%         1
 Kindle Blastsparks       Fire/Tloc/Air  4%         2d10      63%         3
 Summon Guardian Golem    Hex/Summ       2%         N/A       63%         3

Inventory:

Hand Weapons
 a - a +0 trident (weapon)
Armour
 b - a +0 pair of boots (worn)
 d - a +0 leather armour (worn)
Jewellery
 P - a ring of poison resistance (left hand)
 R - a ring of resist corrosion (right hand)
Scrolls
 c - 2 scrolls of blinking
 e - 2 scrolls of poison {unknown}
 g - a scroll of enchant armour {unknown}
 j - a scroll of amnesia {unknown}
Potions
 f - a potion of haste {unknown}
 h - a potion of curing {unknown}
 i - a potion of magic {unknown}

Dungeon Overview and Level Annotations

Branches:
Dungeon (2/15)

Altars:

Shops:
D:1

( # # # # . # .. #
...### # ......### #
#....[..### #
#...f@..# #
####....# # ###
####.# # #.# ####..#
######.#######....##
....)..........####
################


You could see a sleepcap.


Message History

The sleepcap is severely damaged.
The sleepcap misses you.
You completely miss the sleepcap.
The sleepcap is severely damaged.
The sleepcap releases spores at you but does no damage.
The sleepcap closely misses you.
You completely miss the sleepcap.
The sleepcap is severely damaged.
The sleepcap misses you.
You hit the sleepcap.
The sleepcap is almost destroyed.
The sleepcap barely misses you.
You hit the sleepcap.
The sleepcap is almost destroyed.
The sleepcap releases spores at you.
* * * LOW HITPOINT WARNING * * *
You are engulfed in a cloud of soporific spores!
You hit the sleepcap but do no damage.
The sleepcap is almost destroyed.
The sleepcap barely misses you.
You hit the sleepcap.
The sleepcap is almost destroyed.
The sleepcap misses you.
You hit the sleepcap but do no damage.
The sleepcap is almost destroyed.
The sleepcap releases spores at you.
* * * LOW HITPOINT WARNING * * *
You are engulfed in a cloud of soporific spores!
The sleepcap releases spores at you.
You die...

Skill      XL: |  1  2 |
---------------+-------+-----
Stealth        | 1 |  1.7
Summonings     | 1 |  1.1
Fighting       | |  2.0
Polearms       | |  2.7
Armour         | |  1.0
Dodging        | |  2.0
Spellcasting   | |  1.3
Translocations | |  2.0

Action                     || total
---------------------------++-------
  Melee: Trident           ||    91
         Punch             ||     2
   Stab: Sleeping          ||     2
         Distracted        ||     1
 Armour: Robe              ||     8
         Leather armour    ||     7
  Dodge: Dodged            ||    46

Levels and vault maps discovered:
D:1:      kennysheep_arrival_forest, layout_rooms, serial_shops, shop,
          shapermc_ecumenical_altar_pompeii, minmay_misc_feat_plants,
          minmay_tiny_reverse_x
D:2:      layout_rooms, serial_curves, eino_curves_04, eino_curves_02,
          minmay_misc_feat_pillars

Notes
Turn   | Place    | Note
-------+----------+-------------------------------------------
     0 | D:1      | Jeffwins the Human Wanderer began the quest for the Orb.
     0 | D:1      | Jeffwins set off with the following items: a +0 trident, a
                  | +0 pair of boots, a scroll of blinking, a +0 robe; and the
                  | following spell memorised: Apportation; and the following
                  | spells available to memorise: Kindle Blastsparks.
     0 | D:1      | Reached XP level 1. HP: 16/16 MP: 2/2
    71 | D:1      | Reached skill level 1 in Stealth
    71 | D:1      | Reached XP level 2. HP: 22/22 MP: 3/3
   213 | D:1      | Found a faded altar of an unknown god.
   335 | D:1      | Found Tydeschio's Antique Weapon Shoppe.
   630 | D:2      | Reached skill level 1 in Summonings
   630 | D:2      | Reached XP level 3. HP: 23/27 MP: 4/4
   643 | D:2      | Learned a level 3 spell: Call Canine Familiar
   923 | D:2      | HP: 2/27 [sleepcap (4)]
   923 | D:2      | Slain by a sleepcap

Vanquished Creatures
  An adder (D:2)
  A dart slug (D:2)
  3 bats
  An endoplasm (D:2)
  2 giant cockroaches (D:1)
  7 goblins
  3 hobgoblins
  2 kobolds
  2 quokkas (D:1)
  2 ball pythons
  2 frilled lizards (D:1)
26 creatures vanquished.

Table legend: (Time is in decaauts)
 A = Elapsed time spent in this place.
 B = Non-inter-level travel time spent in this place.
 C = Inter-level travel time spent in this place.
 D = Time resting spent in this place.
 E = Time spent auto-exploring this place.
 F = Levels seen in this place.
 G = Mean time per level.
                   A        B        C        D        E       F      G
               +--------+--------+--------+--------+--------+-----+--------+
         Total |    938 |    934 |      4 |      0 |    694 |   2 |  469.0 |
       Dungeon |    938 |    934 |      4 |      0 |    694 |   2 |  469.0 |
               +--------+--------+--------+--------+--------+-----+--------+

Top non-repeatable levels by time:
     D:1: 578 daAuts
     D:2: 359 daAuts

Table legend:
 A = Non-vault XP
 B = Vault XP
 C = Vault XP percentage of total XP
 D = Non-vault monster count
 E = Vault monster count
 F = Vault count percentage of total count
                 A         B        C        D         E       F
            +---------+---------+-------+---------+---------+-------
      Total |      56 |       4 |   6.7 |      24 |       2 |   7.7
            +---------+---------+-------+---------+---------+-------
        D:1 |      21 |       4 |  16.0 |      12 |       2 |  14.3
        D:2 |      35 |       0 |   0.0 |      12 |       0 |   0.0
            +---------+---------+-------+---------+---------+-------
